 Seeded DCSS version 0.28.0-53-g5a82cb258f (webtiles) character file.

Game seed: 20220622 (custom seed)

93 purpskrrrp the Charlatan (level 4, -2/61 HPs)
             Began as a Minotaur Wanderer on June 22, 2022.
             Slain by a gnoll
             ... wielding a +0 spear
              (3 damage)
             ... on level 4 of the Dungeon.
             The game lasted 00:06:38 (2103 turns).

purpskrrrp the Charlatan (Minotaur Wanderer)        Turns: 2103, Time: 00:06:38

Health: -2/61      AC: 10    Str: 20    XL:     4   Next: 36%
Magic:  3/3        EV:  6    Int:  9    God:
Gold:   66         SH:  0    Dex:  8    Spells: 3/3 levels left

rFire   . . .      SeeInvis .   a - +1 mace
rCold   . . .      Faith    .   (no shield)
rNeg    . . .      Spirit   .   f - +0 plate armour
rPois   .          Reflect  .   (helmet restricted)
rElec   .          Harm     .   (no cloak)
rCorr   .          Rampage  .   (no gloves)
Will    .....                   (no boots)
Stlth   ..........              (no amulet)
HPRegen 0.20/turn               (no ring)
MPRegen 0.08/turn               (no ring)

@: berserking, lethally poisoned (-2 -> -10), very quick
A: horns 2, retaliatory headbutt
a: no special abilities


You were on level 4 of the Dungeon.
You visited 1 branch of the dungeon, and saw 3 of its levels.

You collected 66 gold pieces.

Inventory:

Hand Weapons
 a - a +1 mace (weapon)
 k - a +2 hand axe of distortion
Missiles
 j - 3 boomerangs (quivered)
Armour
 c - a +0 leather armour
 e - a +0 chain mail
 f - a +0 plate armour (worn)
Wands
 b - a wand of acid (13)
Scrolls
 d - a scroll of teleportation
 g - a scroll of identify
 h - a scroll of silence {unknown}
 i - a scroll of enchant weapon {unknown}
 m - a scroll of vulnerability {unknown}


   Skills:
 + Level 4.7 Fighting
 + Level 2.1 Maces & Flails
 + Level 2.0 Armour
 + Level 1.3 Dodging
 + Level 5.0 Evocations


You had 3 spell levels left.
You didn't know any spells.
Your spell library contained the following spells:

 Spells                   Type           Power      Damage    Failure   Level
 Corpse Rot               Necr/Air       0%         N/A       100%        2
 Poisonous Vapours        Pois/Air       0%         N/A       100%        2


Dungeon Overview and Level Annotations

Branches:
Dungeon (2/15)

Altars:


Innate Abilities, Weirdness & Mutations

You have a pair of horns on your head.
You reflexively headbutt those who attack you in melee.


Message History

There is an open door here.
There is a shaft here.
You fall into a shaft and drop 2 floors!
The shaft crumbles and collapses.
The gnoll shouts! x4
Found a robe.
The gnoll barely misses you. The gnoll hits you but does no damage.
The gnoll hits you with a +1 halberd of venom!
You are poisoned.
You feel very sick.
The gnoll hits you from afar with a +1 halberd of venom!
You are lethally poisoned!
You feel very sick.
* * * LOW HITPOINT WARNING * * *
You feel very sick.
As you read the scroll labelled GOISEN YNNO, it crumbles to dust.
It is a scroll of identify.
l - a potion of berserk rage
* * * LOW HITPOINT WARNING * * *
You feel very sick.
The gnoll hits you from afar with a +0 spear.
* * * LOW HITPOINT WARNING * * *
A red film seems to cover your vision as you go berserk!
You feel yourself moving faster!
You feel mighty!
You feel sick. The gnoll barely misses you.
The gnoll hits you but does no damage.
You closely miss the gnoll shaman.
You feel sick.
The gnoll shaman hits you with a +0 club.
* * * LOW HITPOINT WARNING * * *
The gnoll hits you from afar with a +1 halberd of venom.
* * * LOW HITPOINT WARNING * * *
You are lethally poisoned!
The gnoll hits you from afar with a +0 spear.
* * * LOW HITPOINT WARNING * * *
Sorry, you're not good enough to have a special ability.
You hit the gnoll shaman. Your headbutt misses the gnoll shaman.
The gnoll shaman is moderately wounded.
* * * LOW HITPOINT WARNING * * *
You feel sick.
The gnoll hits you from afar with a +0 spear.
You die...

#####
#...#
#...#
#...+
#...#
#[gg#


#ggg# #.g.# ##@## ........# ###.##### You could see a gnoll shaman and 5 gnolls.

Vanquished Creatures
  3 adders (D:2)
  3 dart slugs
  4 ball pythons (D:1)
  4 endoplasms
  4 giant cockroaches
  7 goblins
  7 hobgoblins
  2 jackals (D:1)
  2 quokkas (D:1)
  4 bats
  3 frilled lizards
  7 kobolds
  6 rats
56 creatures vanquished.

Notes
Turn   | Place    | Note
-------+----------+-------------------------------------------
     0 | D:1      | purpskrrrp the Minotaur Wanderer began the quest for the
                  | Orb.
     0 | D:1      | purpskrrrp set off with the following items: a +1 mace, a
                  | wand of acid (3), a +0 leather armour
     0 | D:1      | Reached XP level 1. HP: 19/19 MP: 0/0
   193 | D:1      | Reached XP level 2. HP: 15/27 MP: 1/1
   707 | D:1      | Found a faded altar of an unknown god.
   853 | D:1      | Reached XP level 3. HP: 33/33 MP: 2/2
   948 | D:1      | Reached skill level 5 in Evocations
  1036 | D:1      | Reached skill level 1 in Dodging
  1519 | D:2      | Reached XP level 4. HP: 29/41 MP: 3/3
  2095 | D:2      | You fall into a shaft and drop 2 floors!
  2102 | D:4      | HP: 3/61 [gnoll/+0 spear (3)]
  2103 | D:4      | HP: 1/61 [poisoned by a gnoll]
  2103 | D:4      | Slain by a gnoll

Illustrated notes

Levels and vault maps discovered:
D:1:      dpeg_arrival_erosion, layout_basic, shapermc_ecumenical_altar_ellora
D:2:      layout_basic, kennysheep_generic_room_14
D:4:      layout_basic, temple_doors_e, uniq_menkaure, uniq_sigmund,
          uniq_eustachio, uniq_edmund

Skill      XL: |  1  2  3  4 |
---------------+-------------+-----
Fighting       | 4 |  4.7
Evocations     | 5 |  5.0
Dodging        | 1 |  1.3
Maces & Flails | 2 |  2.1
Armour         | 2 |  2.0

Action                   |  1- 3 |  4- 6 || total
-------------------------+-------+-------++-------
Melee: Mace              |   102 |    15 ||   117
       Headbutt          |    10 |     1 ||    11
       Punch             |     2 |       ||     2
Throw: Boomerang         |       |     4 ||     4
  Use: Scroll            |     1 |     1 ||     2
       Potion            |       |     1 ||     1
Armor: Leather armour    |     9 |       ||     9
       Chain mail        |    40 |       ||    40
       Plate armour      |    31 |    10 ||    41
Dodge: Dodged            |    65 |     5 ||    70
